[Event "Titled Tuesday Blitz January 25 2022"]
[White "Vovk, Orest"]
[Black "Demchenko, Anton"]
[WhiteFideId "14113490"]
[BlackFideId "4160258"]
[WhiteElo "2203"]
[BlackElo "2539"]
[Result "0-1"]
[Round "11"]
[TimeControl "180+1"]
[Date "2022.01.26"]
[WhiteClock "0:00:04"]
[BlackClock "0:00:09"]

1. h4 d5 2. h5 c5 3. e4 dxe4 4. Nc3 Nf6 5. Rh4 Bf5 6. d3 exd3 7. g4 Be6 8. g5 Nd5 9. Nxd5 Qxd5 10. Bxd3 Nc6 11. Be3 O-O-O 12. Qf3 Ne5 13. Qxd5 Bxd5 14. Be4 e6 15. O-O-O Be7 16. Bxd5 exd5 17. Bf4 h6 18. Bxe5 Bxg5+ 19. Rf4 f6 20. Kb1 fxe5 21. Rf5 Bf6 22. Nf3 Rhe8 23. a4 Kc7 24. Nh2 Kd6 25. Ng4 Ke6 26. Rf3 e4 27. Nxf6 exf3 28. Nxe8 Rxe8 29. Rd3 Rf8 30. a5 Kd6 31. Rb3 Rf7 32. Re3 d4 33. Re4 Rf5 34. Rh4 Ke5 35. Ka2 Rg5 36. Rh3 Ke4 37. Rh4+ Kf5 38. Rh3 Kf4 39. Rh4+ Rg4 40. Rh1 Rg2 41. Rf1 Rh2 0-1


[Site "https://www.chess.com"]

[Event "Titled Tuesday Blitz January 25 2022"]
[White "Weetik, Vjacheslav"]
[Black "Ezat, Mohamed"]
[WhiteFideId "4153472"]
[BlackFideId "10600906"]
[WhiteElo "2469"]
[BlackElo "2386"]
[Result "0-1"]
[Round "11"]
[TimeControl "180+1"]
[Date "2022.01.26"]
[WhiteClock "0:00:01"]
[BlackClock "0:00:23"]

1. e4 c6 2. d4 d5 3. e5 c5 4. Nf3 Nc6 5. c4 cxd4 6. Nxd4 dxc4 7. Nxc6 Qxd1+ 8. Kxd1 bxc6 9. Bxc4 Bf5 10. Be3 e6 11. Nd2 Ne7 12. Bc5 Nd5 13. Bxf8 Kxf8 14. Ke2 Ke7 15. g3 Rhd8 16. Rhc1 Rab8 17. b3 a5 18. a3 Nb6 19. Ba6 Rd5 20. Rxc6 Rxe5+ 21. Kf1 Bh3+ 22. Kg1 Nd5 23. Nf3 Rf5 24. Nd4 Rf6 25. Bc4 Rd8 26. Ra6 Nb4 27. axb4 Rxd4 28. bxa5 Rd2 29. Ra7+ Kd6 30. f4 Rg2+ 31. Kh1 Rh6 32. Bf1 Rb2 33. Rd1+ Kc6 34. Bc4 Bg4 35. Rc1 Bf3+ 36. Kg1 Kd6 37. h4 Rg6 0-1


[Site "https://www.chess.com"]

[Event "Titled Tuesday Blitz January 25 2022"]
[White "Yaksin, Oleg"]
[Black "Vokhidov, Shamsiddin"]
[WhiteFideId "24105880"]
[BlackFideId "14204223"]
[WhiteElo "2256"]
[BlackElo "2611"]
[Result "1-0"]
[Round "11"]
[TimeControl "180+1"]
[Date "2022.01.26"]
[WhiteClock "0:00:10"]
[BlackClock "0:00:40"]

1. d4 Nf6 2. c4 e6 3. g3 c5 4. d5 exd5 5. cxd5 d6 6. Nc3 g6 7. Bg2 Bg7 8. Nf3 O-O 9. O-O Re8 10. Bf4 Bf5 11. Nd2 Nh5 12. Be3 Rxe3 13. fxe3 Qe7 14. e4 Bd7 15. a4 Na6 16. Nc4 Nb4 17. Nb5 a6 18. Nbxd6 Rb8 19. Rxf7 Qd8 20. a5 Bb5 21. Qf1 Nf6 22. e5 Ng4 23. Rxg7+ Kxg7 24. Qf7+ Kh8 25. Qe6 Nh6 26. Nb6 Qg8 27. Rf1 Qxe6 28. dxe6 Ng4 29. e7 Kg7 30. Nbc8 Nxe5 31. Nxb5 Rxc8 32. Nd6 Rb8 33. e8=Q Rxe8 34. Nxe8+ Kh6 35. Bxb7 Nc4 36. Nc7 Nxa5 37. Bxa6 Nb3 38. Bc4 Nd2 39. Rc1 Nc6 40. Ne6 Ne5 41. Bd5 c4 42. Rc2 Nb3 43. Bxc4 Na1 44. Rc3 Nxc4 45. Rxc4 1-0


[Site "https://www.chess.com"]

[Event "Titled Tuesday Blitz January 25 2022"]
[White "Yang, Kaiqi"]
[Black "Efimenko, Zahar"]
[WhiteFideId "8604398"]
[BlackFideId "14107201"]
[WhiteElo "2373"]
[BlackElo "2528"]
[Result "1-0"]
[Round "11"]
[TimeControl "180+1"]
[Date "2022.01.26"]
[WhiteClock "0:00:20"]
[BlackClock "0:00:07"]

1. c4 d6 2. Nc3 e5 3. Nf3 f5 4. d4 e4 5. Ng5 Be7 6. Nh3 Nf6 7. g3 O-O 8. Bg2 c6 9. O-O d5 10. cxd5 cxd5 11. Bg5 Be6 12. Nf4 Bf7 13. Qb3 Qd7 14. Qb5 Nc6 15. e3 Rfd8 16. Rfc1 a6 17. Qb6 h6 18. Bxf6 Bxf6 19. Na4 g5 20. Nc5 Qe7 21. Nxb7 gxf4 22. Rxc6 Rdb8 23. Rxf6 Rxb7 24. Qc6 f3 25. Bh3 Rab8 26. Bxf5 Rc7 27. Qxa6 Rxb2 28. Rxh6 Rcc2 29. Rf1 Rxa2 30. Qb6 Qg5 31. Qb8+ Kg7 32. Qh8# 1-0


[Site "https://www.chess.com"]

[Event "Titled Tuesday Blitz January 25 2022"]
[White "Yurovskykh, Oleksandr"]
[Black "Seletsky, Grigory"]
[WhiteFideId "14134020"]
[BlackFideId "14112191"]
[WhiteElo "2292"]
[BlackElo "2492"]
[Result "1-0"]
[Round "11"]
[TimeControl "180+1"]
[Date "2022.01.26"]
[WhiteClock "0:00:55"]
[BlackClock "0:00:11"]

1. d4 d6 2. c4 e5 3. d5 g6 4. e4 Bh6 5. Bxh6 Nxh6 6. h4 f6 7. Be2 Nf7 8. h5 g5 9. Bg4 Nh6 10. Bxc8 Qxc8 11. f3 O-O 12. g4 Nd7 13. Ne2 Kg7 14. Nbc3 a6 15. Kf2 Qb8 16. Kg3 Qa7 17. Qg1 Qxg1+ 18. Rhxg1 Kf7 19. Rgc1 Ke7 20. Rc2 c5 21. a3 Rfc8 22. Kf2 Rab8 23. Rb1 b5 24. cxb5 axb5 25. b4 c4 26. Ra2 Rb7 27. Ng3 Ra8 28. Nf1 Nf7 29. Ne3 Nh6 30. Rba1 Kd8 31. a4 bxa4 32. Rxa4 Rxa4 33. Rxa4 Kc7 34. Nxc4 Nb6 35. Nxb6 Kxb6 36. Ke3 Rb8 37. Kd3 Nf7 38. Ra5 Rc8 39. Na4+ Kb7 40. b5 Rc1 41. b6 Nd8 42. Ra7+ Kc8 43. Rxh7 Ra1 44. Nc3 Ra3 45. Kc4 Nb7 46. Rc7+ Kb8 47. h6 Ra6 48. h7 Rxb6 49. Rxb7+ Kxb7 50. h8=Q 1-0


[Site "https://www.chess.com"]

[Event "Titled Tuesday Blitz January 25 2022"]
[White "Zarubitski, Viachaslau"]
[Black "Srihari L R"]
[WhiteFideId "13509373"]
[BlackFideId "46617116"]
[WhiteElo "2325"]
[BlackElo "2121"]
[Result "1-0"]
[Round "11"]
[TimeControl "180+1"]
[Date "2022.01.26"]
[WhiteClock "0:00:06"]
[BlackClock "0:00:03"]

1. c4 e6 2. g3 d5 3. Bg2 Nf6 4. Nf3 c5 5. O-O Nc6 6. b3 Be7 7. e3 O-O 8. Bb2 d4 9. exd4 cxd4 10. d3 Bc5 11. Na3 e5 12. Nc2 a5 13. Re1 Re8 14. a3 Qd6 15. Qd2 Bg4 16. Ng5 h6 17. Ne4 Nxe4 18. Bxe4 f5 19. Bd5+ Kh8 20. f4 e4 21. dxe4 d3+ 22. Ne3 fxe4 23. b4 axb4 24. axb4 Bxb4 25. Bxg7+ Kxg7 26. Qb2+ Qf6 27. Qxf6+ Kxf6 28. Nxg4+ Kg7 29. Rxa8 Rxa8 30. Rb1 h5 31. Nf2 Bc5 32. Rxb7+ Kf6 33. Bxc6 d2 34. Rb1 Ra2 35. Rd1 e3 36. Ne4+ Kf5 37. Kf1 Bd4 38. Ke2 Ra6 39. Bd5 Ra2 40. Kd3 Ba7 41. c5 Ra3+ 42. Ke2 Ra4 43. Kxe3 Ra3+ 44. Ke2 Bxc5 45. Nxc5 Ra4 46. Nxa4 Kg4 47. Rxd2 Kh3 48. Ke3 Kg4 49. Be6# 1-0


[Site "https://www.chess.com"]

[Event "Titled Tuesday Blitz January 25 2022"]
[White "Zelbel, Patrick"]
[Black "Belyakov, Bogdan"]
[WhiteFideId "24624322"]
[BlackFideId "24104795"]
[WhiteElo "2493"]
[BlackElo "2407"]
[Result "1-0"]
[Round "11"]
[TimeControl "180+1"]
[Date "2022.01.26"]
[WhiteClock "0:00:42"]
[BlackClock "0:00:13"]

1. d4 Nf6 2. c4 g6 3. Nc3 Bg7 4. e4 d6 5. h3 O-O 6. Be3 c5 7. d5 b5 8. cxb5 a6 9. a4 Qa5 10. Bd2 Qb4 11. Bd3 c4 12. Bc2 Qxb2 13. Rb1 Qa3 14. Nge2 Nbd7 15. O-O Ne5 16. Kh1 Nd3 17. Be3 Nd7 18. Bxd3 cxd3 19. Qxd3 axb5 20. Ra1 Qb3 21. axb5 Ne5 22. Qb1 Qxb1 23. Rfxb1 Bb7 24. Bd4 f5 25. Nf4 fxe4 26. Ne6 Rfc8 27. Rxa8 Bxa8 28. Nxg7 Kxg7 29. b6 Bb7 30. Ra1 Kf7 31. Ra7 Rb8 32. Bxe5 dxe5 33. Kh2 Ke8 34. Kg3 h6 35. h4 Kd8 36. h5 g5 37. Kh2 Ke8 38. Kg3 Kf7 39. Ra5 Bc8 40. Rb5 Bd7 41. Rb4 Bf5 42. b7 Ke8 43. Na4 e3 44. fxe3 Bd3 45. Nc5 e4 46. Rb6 Kd8 47. Rxh6 Kc7 48. Rc6+ Kd8 49. h6 Ke8 50. Rc8+ 1-0


[Site "https://www.chess.com"]

[Event "Titled Tuesday Blitz January 25 2022"]
[White "Zhigalko, Sergei"]
[Black "Svane, Frederik"]
[WhiteFideId "13502956"]
[BlackFideId "12923044"]
[WhiteElo "2662"]
[BlackElo "2459"]
[Result "0-1"]
[Round "11"]
[TimeControl "180+1"]
[Date "2022.01.26"]
[WhiteClock "0:00:01"]
[BlackClock "0:00:11"]

1. e4 c5 2. Nf3 g6 3. c3 d5 4. exd5 Qxd5 5. d4 Bg7 6. Na3 cxd4 7. Bc4 Qe4+ 8. Be3 Nh6 9. Nb5 O-O 10. cxd4 Nf5 11. Qe2 Nxe3 12. fxe3 Nc6 13. O-O Bh6 14. Rae1 Bf5 15. Rf2 Rad8 16. h3 e5 17. Nc3 Qxe3 18. dxe5 Qxe2 19. Rfxe2 Nd4 20. Nxd4 Rxd4 21. Bd5 Bd2 22. Rxd2 Rxd2 23. b3 Rd3 24. Rc1 Rc8 25. Bc4 Rxc3 26. Rxc3 b5 27. g4 Be6 28. Re3 bxc4 0-1